 Dungeon Crawl Stone Soup version bcrawl-1.38.3 (webtiles) character file.

Game seed: 9713946611212624649

111508 Mrkan the Sneak (level 3, -1/28 HPs)
             Began as a Gnoll Archaeologist on May 26, 2023.
             Slain by a sky beast (6 damage)
             ... on level 2 of the Dungeon.
             The game lasted 00:01:34 (1463 turns).

Mrkan the Sneak (Gnoll Archaeologist)               Turns: 1463, Time: 00:01:34

Health: -1/28      AC: 11    Str: 14    XL:     3   Next: 68%
Magic:  4/4        EV:  8    Int: 16    God:
Gold:   123        SH:  0    Dex: 13    Spells: 3/3 levels left

rFire    . . .     GDR:     26% a - +0 whip
rCold    . . .     SeeInvis .   (no shield)
rNeg     . . .     Gourm    .   l - +0 chain mail
rPois    .         Faith    .   d - +1 hat
rElec    .         Spirit   .   (no cloak)
rCorr    .         Reflect  .   (no gloves)
MR       .....                  r - +1 pair of boots
Stlth    ..........             (no amulet)
HPRegen  0.14/turn              (no ring)
MPRegen  0.09/turn              (no ring)

@: no status effects
A: distributed training, fangs 1, strong nose
a: no special abilities


You were on level 2 of the Dungeon.
You were hungry.

You visited 1 branch of the dungeon, and saw 2 of its levels.

You collected 123 gold pieces.

Inventory:

Hand Weapons
 a - a +0 whip (weapon)
 b - a +0 blowgun
Missiles
 f - 6 curare-tipped needles
 n - 34 poisoned needles
Armour
 c - a +1 robe
 d - a +1 hat (worn)
 l - a +0 chain mail (worn)
 r - a +1 pair of boots (worn)
Scrolls
 g - 2 scrolls of magic mapping
 i - a scroll of identify
 j - a scroll of fear {unknown}
 p - a scroll of immolation {unknown}
Potions
 k - 3 potions of might {unknown}
 m - a potion of curing {unknown}
 o - a potion of degeneration {unknown}
 q - a potion of haste {unknown}
Miscellaneous
 h - a dusty tome
Comestibles
 e - 3 rations {!d}


   Skills:
 + Level 2.6 Fighting
 + Level 0.9 Short Blades
 + Level 0.9 Long Blades
 + Level 0.9 Axes
 + Level 2.6 Maces & Flails
 + Level 0.9 Polearms
 + Level 0.9 Staves
 + Level 0.9 Slings
 + Level 0.9 Bows
 + Level 0.9 Crossbows
 + Level 0.9 Throwing
 + Level 0.9 Armour
 + Level 6.5 Dodging
 + Level 6.5 Stealth
 + Level 0.9 Shields
 + Level 0.9 Unarmed Combat
 + Level 0.9 Spellcasting
 + Level 0.6 Conjurations
 + Level 0.6 Hexes
 + Level 0.6 Charms
 + Level 0.6 Summonings
 + Level 0.6 Necromancy
 + Level 0.6 Translocations
 + Level 0.6 Transmutations
 + Level 0.6 Fire Magic
 + Level 0.6 Ice Magic
 + Level 0.6 Air Magic
 + Level 0.6 Earth Magic
 + Level 0.6 Poison Magic
 + Level 1.0 Invocations
 + Level 0.9 Evocations


You had 3 spell levels left.
You didn't know any spells.
Your spell library was empty.

Dungeon Overview and Level Annotations

Branches:
Dungeon (2/12)

Altars:

Annotations:
D:2 1 runed door


Innate Abilities, Weirdness & Mutations

Your experience applies equally to all skills.
You have very sharp teeth.
Your uncanny sense of smell can sniff out nearby items.


Message History

The sky beast is heavily wounded.
The sky beast hits you but does no damage.
Your chain mail prevents you from hitting the sky beast.
You bite the sky beast, but do no damage.
The sky beast is heavily wounded.
The sky beast barely misses you.
You hit the sky beast but do no damage.
The sky beast is heavily wounded.
The sky beast hits you. The sky beast shocks you.
You closely miss the sky beast. Your bite misses the sky beast.
The sky beast is heavily wounded.
The sky beast flickers out of sight!
Deactivating autopickup; reactivate with Ctrl-A.
Something hits you but does no damage. Something hits you.
Something shocks you.
* * * LOW HITPOINT WARNING * * *
You closely miss something. You bite something. Something hits you.
* * * LOW HITPOINT WARNING * * *
Something shocks you.
You die...

#########
......>.# #####
##### ........#
#...###....
........#
##...##)###
.....%..#####
##..##.#
........@{..#
#.....#
#######.###.#
#...### #..#
#...## ##.# ##
##...# #.## ..
##..## #..## .##
#...### ##..###
.. #....#.
##...###.##.....)
###..##..#.#.#..


There were no monsters in sight!

Vanquished Creatures
  2 oozes (D:1)
  2 worms (D:2)
  2 dart slugs
  A leopard gecko (D:2)
  4 bats
  2 giant cockroaches (D:1)
  6 hobgoblins
  2 frilled lizards (D:1)
  4 kobolds
  3 rats
28 creatures vanquished.

Notes
Turn   | Place    | Note
-------+----------+-------------------------------------------
     0 | D:1      | Mrkan the Gnoll Archaeologist began the quest for the Orb.
     0 | D:1      | Reached XP level 1. HP: 17/17 MP: 1/1
   396 | D:1      | Reached XP level 2. HP: 20/23 MP: 2/2
   710 | D:1      | Reached XP level 3. HP: 28/28 MP: 3/3
  1172 | D:2      | Reached skill level 1 in Invocations
  1227 | D:2      | Found a runed door.
  1450 | D:2      | Noticed a sky beast
  1463 | D:2      | Slain by a sky beast

Skill      XL: |  1  2  3 |
---------------+----------+-----
Invocations    | 1 |  1.0
Fighting       | |  2.6
Short Blades   | |  0.9
Long Blades    | |  0.9
Axes           | |  0.9
Maces & Flails | |  2.6
Polearms       | |  0.9
Staves         | |  0.9
Slings         | |  0.9
Bows           | |  0.9
Crossbows      | |  0.9
Throwing       | |  0.9
Armour         | |  0.9
Dodging        | |  6.5
Stealth        | |  6.5
Shields        | |  0.9
Unarmed Combat | |  0.9
Spellcasting   | |  0.9
Conjurations   | |  0.6
Hexes          | |  0.6
Charms         | |  0.6
Summonings     | |  0.6
Necromancy     | |  0.6
Translocations | |  0.6
Transmutations | |  0.6
Fire Magic     | |  0.6
Ice Magic      | |  0.6
Air Magic      | |  0.6
Earth Magic    | |  0.6
Poison Magic   | |  0.6
Evocations     | |  0.9

Action                   || total
-------------------------++-------
Melee: Whip              ||   116
       Bite              ||    10
  Eat: Chunk             ||     4
Armor: Robe              ||     2
       Chain mail        ||    65
Dodge: Dodged            ||    45
